 Dungeon Crawl Stone Soup version 0.27-a0-978-g2aa4ecdaef (webtiles) character file.

Game seed: 4471988627574352451

66 leviel the Shield-Bearer (level 3, -2/34 HPs)
             Began as a Minotaur Fighter on Apr 14, 2021.
             Succumbed to Robin's poison
             ... on level 2 of the Dungeon.
             The game lasted 00:02:06 (1464 turns).

leviel the Shield-Bearer (Minotaur Fighter)         Turns: 1464, Time: 00:02:07

Health: -2/34      AC: 11    Str: 21    XL:     3   Next: 96%
Magic:  2/2        EV:  4    Int:  5    God:
Gold:   31         SH:  9    Dex:  9    Spells: 2/2 levels left

rFire    . . .     SeeInvis .   a - +0 war axe
rCold    + . .     Faith    .   c - +0 kite shield
rNeg     . . .     Spirit   .   i - +0 plate armour
rPois    .         Reflect  .   (helmet restricted)
rElec    .         Harm     .   (no cloak)
rCorr    .         Rampage  .   (no gloves)
Will     .....                  (no boots)
Stlth    ..........             (no amulet)
HPRegen  0.11/turn              h - ring of protection from cold
MPRegen  0.08/turn              (no ring)

@: mighty, lethally poisoned (-2 -> -13)
A: horns 2, retaliatory headbutt
a: no special abilities


You were on level 2 of the Dungeon.
You visited 1 branch of the dungeon, and saw 2 of its levels.

You collected 31 gold pieces.

Inventory:

Hand Weapons
 a - a +0 war axe (weapon)
Armour
 c - a +0 kite shield (worn)
 i - a +0 plate armour (worn)
Jewellery
 h - a ring of protection from cold (left hand)
Scrolls
 b - a scroll of vulnerability {unknown}
Potions
 e - a potion of brilliance {unknown}
 f - 2 potions of degeneration {unknown}
 g - a potion of flight {unknown}


   Skills:
 + Level 4.3 Fighting
 + Level 3.1 Axes
 + Level 4.3 Armour
 + Level 4.3 Shields


You had 2 spell levels left.
You didn't know any spells.
Your spell library contained the following spells:

 Spells                   Type           Power      Damage    Failure   Level
 Animate Skeleton         Necr           0%         N/A       100%        1
 Pain                     Necr           0%         1d4       100%        1
 Vampiric Draining        Necr           0%         2d6       100%        3
 Animate Dead             Necr           0%         N/A       100%        4
 Agony                    Necr           0%         N/A       100%        5


Dungeon Overview and Level Annotations

Branches:
Dungeon (2/15)

Altars:

Annotations:
D:2 Robin


Innate Abilities, Weirdness & Mutations

You have a pair of horns on your head.
You reflexively headbutt those who attack you in melee.


Message History

You kill the goblin!
You hit the hobgoblin.
Your shield and plate armour prevent you from hitting the goblin.
The goblin hits you with a +0 club. Robin barely misses you.
The goblin hits you with a +0 club.
Robin hits you from afar with a +5 spear of venom.
You are poisoned.
The hobgoblin barely misses you.
You feel very sick.
You feel very sick. Robin throws the goblin at you!
You feel sick. You block the goblin's attack.
You feel sick.
Found a stone staircase leading down.
You feel sick.
You feel very mighty all of a sudden.
You feel sick. The goblin hits you but does no damage.
You barely miss the goblin. Your headbutt misses the goblin.
You feel sick. The goblin hits you but does no damage.
You block the goblin's attack.
You hit the goblin.
You kill the goblin!
You feel sick.
You are no longer poisoned.
Robin says, "Duck!"
Robin throws the goblin at you! The goblin hits you but does no damage.
You slash the goblin!
You kill the goblin!
You barely miss the goblin.
The hobgoblin no longer looks unusually strong.
The goblin barely misses you. You furiously retaliate!
You headbutt the goblin!!
You kill the goblin!
Robin hits you but does no damage.
Robin hits you with a +5 spear of venom.
* * * LOW HITPOINT WARNING * * *
You are lethally poisoned!
Things that are here:
a +0 club; a +0 club; a goblin corpse You closely miss Robin.
You die...

..................#..#
##.
#........#...........# #.
#........+...........# #.
#........#...........# #.
#........#....g......####
#.
.........#....g.)......>.
#.
.........#####.####......
##
.#+#######.....####......
..............gg@.)......
.#...).......#.#####.####
........<.##.####.#
.#.#.##.#.........#
...#.##.#.##.####.#
...#....#.##.#
.....##......#
.....)....####
..........#


You could see Robin and a hobgoblin.

Vanquished Creatures
  3 dart slugs (D:1)
  4 ball pythons (D:1)
  4 endoplasms
  2 giant cockroaches (D:2)
  10 goblins
  6 hobgoblins
  8 jackals
  6 bats
  4 frilled lizards
  3 kobolds (D:1)
50 creatures vanquished.

Notes
Turn   | Place    | Note
-------+----------+-------------------------------------------
     0 | D:1      | leviel the Minotaur Fighter began the quest for the Orb.
     0 | D:1      | Reached XP level 1. HP: 19/19 MP: 0/0
   170 | D:1      | Reached XP level 2. HP: 22/27 MP: 1/1
   459 | D:1      | Reached XP level 3. HP: 22/33 MP: 2/2
  1449 | D:2      | Noticed Robin
  1463 | D:2      | HP: 1/34 [Robin/+5 spear of venom (6)]
  1464 | D:2      | Succumbed to Robin's poison

Illustrated notes

Levels and vault maps discovered:
D:1:      co_arrival_square_in_a_square_in_a_square, layout_basic
D:2:      layout_basic, uniq_robin

Skill      XL: |  1  2  3 |
---------------+----------+-----
Shields        | 4 |  4.3
Armour         | 4 |  4.3
Fighting       | 4 |  4.3
Axes           | 3 |  3.1

Action                   || total
-------------------------++-------
Melee: War axe           ||   109
       Headbutt          ||    10
  Use: Scroll            ||     1
       Potion            ||     1
Armor: Scale mail        ||    29
       Plate armour      ||    28
Dodge: Dodged            ||    30
Block: Kite shield       ||    65

Table legend: (Time is in decaauts)
 A = Elapsed time spent in this place.
 B = Non-inter-level travel time spent in this place.
 C = Inter-level travel time spent in this place.
 D = Time resting spent in this place.
 E = Time spent auto-exploring this place.
 F = Levels seen in this place.
 G = Mean time per level.
                   A        B        C        D        E       F      G
               +--------+--------+--------+--------+--------+-----+--------+
         Total |   1527 |   1501 |     26 |      0 |   1222 |   2 |  763.5 |
       Dungeon |   1527 |   1501 |     26 |      0 |   1222 |   2 |  763.5 |
               +--------+--------+--------+--------+--------+-----+--------+

Top non-repeatable levels by time:
     D:1: 1225 daAuts
     D:2: 301 daAuts
